 Dungeon Crawl Stone Soup version 0.28-a0-397-g1a7b1a870f (webtiles) character file.

Game seed: 12615127729788451222

1190 Decipherer the Poker (level 8, -5/59 (67) HPs)
             Began as a Gnoll Berserker on Sept 4, 2021.
             Was a Priest of Trog.
             Slain by a wight (13 damage)
             ... on level 6 of the Dungeon.
             The game lasted 00:04:54 (6072 turns).

Decipherer the Poker (Gnoll Berserker)              Turns: 6072, Time: 00:04:54

HP:   -5/59 (67)    AC: 12    Str: 18    XL:     8   Next: 43%
MP:   12/12         EV:  9    Int: 13    God:    Trog [***...]
Gold: 264           SH:  0    Dex: 12    Spells: 13/13 levels left

rFire   . . .      SeeInvis +   u - +3 quarterstaff (chaos)
rCold   . . .      Faith    .   (shield currently unavailable)
rNeg    . . .      Spirit   .   t - +0 chain mail
rPois   .          Reflect  .   (no helmet)
rElec   .          Harm     .   e - +0 cloak
rCorr   .          Rampage  .   (no gloves)
Will    .....                   v - +0 pair of boots
Stlth   ..........              (no amulet)
HPRegen 0.19/turn               c - ring of see invisible
MPRegen 0.13/turn               y - +6 ring of intelligence

@: heavily drained
A: fangs 1, strong nose, distributed training
a: Renounce Religion, Berserk, Trog's Hand


You were on level 6 of the Dungeon.
You worshipped Trog.
Trog was most pleased with you.
You visited 1 branch of the dungeon, and saw 6 of its levels.

You collected 264 gold pieces.

Inventory:

Hand Weapons
 a - a +0 spear
 h - a +0 war axe
 o - a +0 morningstar
 u - a +3 quarterstaff of chaos (weapon)
Missiles
 j - 5 boomerangs
 m - 20 poisoned darts
 n - a throwing net
 x - 2 silver javelins
Armour
 d - a +0 plate armour
 e - a +0 cloak (worn)
 t - a +0 chain mail (worn)
 v - a +0 pair of boots (worn)
Jewellery
 b - a ring of ice
 c - a ring of see invisible (left hand)
 y - a +6 ring of intelligence (right hand)
Wands
 w - a wand of paralysis (7)
Scrolls
 f - a scroll of fear
 g - 2 scrolls of identify
 q - a scroll of teleportation
 s - a scroll of enchant armour {unknown}
 z - a scroll of noise {unknown}
Potions
 k - 2 potions of attraction {unknown}
 l - a potion of degeneration {unknown}
 p - a potion of mutation {unknown}
 r - a potion of haste {unknown}


   Skills:
 + Level 7.4 Fighting
 + Level 3.2 Short Blades
 + Level 3.2 Long Blades
 + Level 3.2 Axes
 + Level 3.2 Maces & Flails
 + Level 7.4 Polearms
 + Level 3.2 Staves
 + Level 3.2 Slings
 + Level 3.2 Bows
 + Level 3.2 Crossbows
 + Level 3.2 Throwing
 + Level 5.7 Armour
 + Level 5.7 Dodging
 + Level 3.2 Stealth
 + Level 3.2 Shields
 + Level 3.2 Unarmed Combat
 + Level 3.2 Spellcasting
 + Level 2.6 Conjurations
 + Level 2.6 Hexes
 + Level 2.6 Summonings
 + Level 2.6 Necromancy
 + Level 2.6 Translocations
 + Level 2.6 Transmutations
 + Level 2.6 Fire Magic
 + Level 2.6 Ice Magic
 + Level 2.6 Air Magic
 + Level 2.6 Earth Magic
 + Level 2.6 Poison Magic
 + Level 3.6 Invocations
 + Level 3.2 Evocations


You had 13 spell levels left.
You didn't know any spells.
Your spell library contained the following spells:

 Spells                   Type           Power      Damage    Failure   Level
 Blink                    Tloc           N/A        N/A       78%         2
 Slow                     Hex            9%         N/A       78%         2
 Confusing Touch          Hex            9%         N/A       95%         3
 Dazzling Flash           Conj/Hex       18%        N/A       95%         3
 Ignite Poison            Fire/Tmut/Pois 9%         N/A       95%         3
 Mephitic Cloud           Conj/Pois/Air  9%         N/A       95%         3
 Vampiric Draining        Necr           4%         2d6       95%         3
 Iskenderun's Mystic Bla  Conj/Tloc      9%         2d4       100%        4
 Freezing Cloud           Conj/Ice/Air   4%         6-21      100%        5
 Starburst                Conj/Fire      4%         6d4       100%        6


Dungeon Overview and Level Annotations

Branches:
Dungeon (6/15)             Temple (0/1) D:6

Altars:
Ashenzari
Nemelex Xobeh
Ru
Vehumet
The Shining One


Innate Abilities, Weirdness & Mutations

You have very sharp teeth.
Your uncanny sense of smell can sniff out nearby items.
Your experience applies equally to all skills.


Message History

Unknown command.
There are monsters nearby!
A wight comes into view. It is wielding a +0 trident.
The wight closely misses you.
Unknown command.
There are monsters nearby!
The wight barely misses you.
The wight hits you from afar with a +1 spear of flaming.
You feel drained. The wight burns you.
Unknown command.
There are monsters nearby!
You barely miss the wight. You bite the wight, but do no damage.
The wight barely misses you. The wight hits you but does no damage.
Unknown command.
There are monsters nearby!
You sock the wight!
The wight seems to grow stronger.
The wight is severely damaged.
The wight hits you with a +8 falchion of freezing!!
You feel drained. The wight freezes you!
* * * LOW HITPOINT WARNING * * *
The wight hits you but does no damage. x2
The wight hits you with a +8 falchion of freezing.
* * * LOW HITPOINT WARNING * * *
You feel drained.
* * * LOW HITPOINT WARNING * * *
The wight freezes you.
* * * LOW HITPOINT WARNING * * *
The wight hits you from afar with a +0 trident.
* * * LOW HITPOINT WARNING * * *
You feel drained.
* * * LOW HITPOINT WARNING * * *
Unknown command.
There are monsters nearby!
You are too injured to fight recklessly!
Unknown command.
You feel better. The wight hits you with a +0 dagger.
* * * LOW HITPOINT WARNING * * *
The wight hits you but does no damage. x2
The wight hits you with a +8 falchion of freezing!
You die...

## #.# # #####.# ...
#.....# ### #.#
###.##### ..# #.#
#...##
#.#####.####.#..#
#...............#####
......#..######.....#
...##.#..# #.@...#
...##....# +zz.z.....
...####..# +.z<..##.#
.#.####..# #.....# #
.#...<...######...$.#
.######.........#.###
# #...#####.##.# #
#...####..##.# #
#...........


You could see 4 wights.

Vanquished Creatures
  An acid dragon (D:6)
  A water moccasin (D:5)
  An orc warrior (D:6)
  A black bear (D:5)
  A necrophage (D:5)
  An ogre (D:4)
  3 orc priests
  A hound (D:4)
  Crazy Yiuf (D:3)
  A gnoll shaman (D:4)
  Jessica (D:3)
  An iguana (D:4)
  7 orc wizards
  A hound skeleton (D:4)
  3 gnolls (D:4)
  4 adders (D:3)
  A howler monkey skeleton (D:5)
  A white imp (D:5)
  2 worms
  2 dart slugs (D:1)
  17 orcs
  8 ball pythons
  6 bats
  11 endoplasms
  5 giant cockroaches
  10 goblins
  7 hobgoblins
  8 kobolds
  5 quokkas
  2 frilled lizards
  A quokka zombie (D:4)
  6 rats
121 creatures vanquished.

Notes
Turn   | Place    | Note
-------+----------+-------------------------------------------
     0 | D:1      | Decipherer the Gnoll Berserker began the quest for the Orb.
     0 | D:1      | Reached XP level 1. HP: 23/23 MP: 1/1
    68 | D:1      | Reached XP level 2. HP: 28/29 MP: 2/2
   284 | D:1      | Reached XP level 3. HP: 26/35 MP: 3/3
   390 | D:1      | Reached ** piety under Trog
   639 | D:1      | Reached skill level 1 in Invocations
   964 | D:2      | Reached skill level 1 in Short Blades
   964 | D:2      | Reached skill level 1 in Long Blades
   964 | D:2      | Reached skill level 1 in Axes
   964 | D:2      | Reached skill level 1 in Maces & Flails
   964 | D:2      | Reached skill level 1 in Staves
   964 | D:2      | Reached skill level 1 in Slings
   964 | D:2      | Reached skill level 1 in Bows
   964 | D:2      | Reached skill level 1 in Crossbows
   964 | D:2      | Reached skill level 1 in Throwing
   964 | D:2      | Reached skill level 1 in Stealth
   964 | D:2      | Reached skill level 1 in Shields
   964 | D:2      | Reached skill level 1 in Unarmed Combat
   964 | D:2      | Reached skill level 1 in Spellcasting
   964 | D:2      | Reached skill level 1 in Evocations
  1114 | D:2      | Reached XP level 4. HP: 41/41 MP: 5/5
  1650 | D:3      | Found a radiant altar of Vehumet.
  1671 | D:3      | Found a broken altar of Ashenzari.
  1675 | D:3      | Reached skill level 1 in Conjurations
  1675 | D:3      | Reached skill level 1 in Hexes
  1675 | D:3      | Reached skill level 1 in Summonings
  1675 | D:3      | Reached skill level 1 in Necromancy
  1675 | D:3      | Reached skill level 1 in Translocations
  1675 | D:3      | Reached skill level 1 in Transmutations
  1675 | D:3      | Reached skill level 1 in Fire Magic
  1675 | D:3      | Reached skill level 1 in Ice Magic
  1675 | D:3      | Reached skill level 1 in Air Magic
  1675 | D:3      | Reached skill level 1 in Earth Magic
  1675 | D:3      | Reached skill level 1 in Poison Magic
  2594 | D:3      | Found a runed translucent door.
  2595 | D:3      | Noticed Crazy Yiuf
  2675 | D:3      | Reached XP level 5. HP: 47/47 MP: 5/7
  2744 | D:3      | Noticed Jessica
  2747 | D:3      | Killed Jessica
  2747 | D:3      | Reached *** piety under Trog
  2761 | D:3      | Got Jessica's Reference Book on Orientation
  2913 | D:3      | Killed Crazy Yiuf
  3006 | D:4      | Reached XP level 6. HP: 49/53 MP: 8/8
  3303 | D:4      | Reached skill level 5 in Armour
  3303 | D:4      | Reached skill level 5 in Dodging
  3581 | D:4      | Found a sparkling altar of Nemelex Xobeh.
  3900 | D:4      | Found a large runed translucent door.
  3901 | D:4      | Found a large runed translucent door.
  3944 | D:4      | Reached XP level 7. HP: 59/59 MP: 10/10
  4098 | D:4      | Found a glowing golden altar of the Shining One.
  4104 | D:4      | Found a sacrificial altar of Ru.
  4142 | D:5      | Entered Level 5 of the Dungeon
  4830 | D:5      | Reached XP level 8. HP: 44/67 MP: 12/12
  5497 | D:6      | Found a staircase to the Ecumenical Temple.
  6071 | D:6      | HP: 2/60 [wight (2)]
  6072 | D:6      | Slain by a wight

Illustrated notes

Levels and vault maps discovered:
D:1:      dpeg_arrival_court, layout_rooms
D:2:      layout_rooms
D:3:      layout_basic, nicolae_overflow_hidden_temple,
          mainiacjoe_overflow_cross_hatched, amethyst_killhole,
          kennysheep_jessica_study, uniq_crazy_yiuf_cottage
D:4:      layout_gridville, nemelex_dance_club_becter, jmf_multi_god_temple2
D:5:      layout_cave_pods
D:6:      layout_loops_cross, general_overflow_altar,
          minmay_temple_entry_large_hall, minmay_hollow_rounded_squares,
          uniq_blork_the_orc

Skill      XL: |  1  2  3  4  5  6  7  8 |
---------------+-------------------------+-----
Invocations    | 1 2 3 |  3.6
Short Blades   | 1 2 3 |  3.2
Long Blades    | 1 2 3 |  3.2
Axes           | 1 2 3 |  3.2
Maces & Flails | 1 2 3 |  3.2
Staves         | 1 2 3 |  3.2
Slings         | 1 2 3 |  3.2
Bows           | 1 2 3 |  3.2
Crossbows      | 1 2 3 |  3.2
Throwing       | 1 2 3 |  3.2
Stealth        | 1 2 3 |  3.2
Shields        | 1 2 3 |  3.2
Unarmed Combat | 1 2 3 |  3.2
Spellcasting   | 1 2 3 |  3.2
Evocations     | 1 2 3 |  3.2
Conjurations   | 1 2 |  2.6
Hexes          | 1 2 |  2.6
Summonings     | 1 2 |  2.6
Necromancy     | 1 2 |  2.6
Translocations | 1 2 |  2.6
Transmutations | 1 2 |  2.6
Fire Magic     | 1 2 |  2.6
Ice Magic      | 1 2 |  2.6
Air Magic      | 1 2 |  2.6
Earth Magic    | 1 2 |  2.6
Poison Magic   | 1 2 |  2.6
Armour         | 5 |  5.7
Dodging        | 5 |  5.7
Fighting       | 7 |  7.4
Polearms       | 7 |  7.4

Action                   |  1- 3 |  4- 6 |  7- 9 || total
-------------------------+-------+-------+-------++-------
Melee: Spear             |   148 |       |       ||   148
       Bite              |    10 |    11 |    11 ||    32
       War axe           |     1 |    47 |       ||    48
       Punch             |     1 |     1 |       ||     2
       Morningstar       |       |    24 |       ||    24
       Quarterstaff      |       |    62 |    90 ||   152
Invok: Berserk           |       |     2 |     4 ||     6
  Use: Potion            |       |       |     2 ||     2
       Scroll            |       |       |     3 ||     3
 Stab: Sleeping          |     1 |       |       ||     1
Armor: Animal skin       |     4 |       |       ||     4
       Scale mail        |    28 |    84 |    20 ||   132
       Chain mail        |       |       |    21 ||    21
Dodge: Dodged            |    40 |   127 |    61 ||   228

Table legend: (Time is in decaauts)
 A = Elapsed time spent in this place.
 B = Non-inter-level travel time spent in this place.
 C = Inter-level travel time spent in this place.
 D = Time resting spent in this place.
 E = Time spent auto-exploring this place.
 F = Levels seen in this place.
 G = Mean time per level.
                   A        B        C        D        E       F      G
               +--------+--------+--------+--------+--------+-----+--------+
         Total |   6135 |   5981 |    154 |      0 |   5141 |   6 | 1022.5 |
       Dungeon |   6135 |   5981 |    154 |      0 |   5141 |   6 | 1022.5 |
               +--------+--------+--------+--------+--------+-----+--------+

Top non-repeatable levels by time:
     D:3: 1661 daAuts
     D:5: 1328 daAuts
     D:4: 1163 daAuts
     D:1: 812 daAuts
     D:6: 640 daAuts
     D:2: 528 daAuts
